 Dungeon Crawl Stone Soup version 0.29.1-1-gd02db6906a (webtiles) character file.

Game seed: 9798404368480515816

29 fireball365 the Sneak (level 3, 0/33 HPs)
             Began as a Minotaur Delver on Oct 22, 2022.
             Slain by an orc wizard
             ... wielding a +0 dagger
              (3 damage)
             ... on level 5 of the Dungeon.
             The game lasted 00:01:33 (63 turns).

fireball365 the Sneak (Minotaur Delver)               Turns: 63, Time: 00:01:34

Health: 0/33       AC:  3    Str: 16    XL:     3   Next: 1%
Magic:  2/2        EV: 12    Int:  7    God:
Gold:   0          SH:  0    Dex: 13    Spells: 2/2 levels left

rFire   . . .      SeeInvis .   a - +0 hand axe
rCold   . . .      Faith    .   (no shield)
rNeg    . . .      Spirit   .   b - +0 leather armour
rPois   .          Reflect  .   (helmet restricted)
rElec   .          Harm     .   (no cloak)
rCorr   .          Rampage  .   (no gloves)
Will    .....                   (no boots)
Stlth   ++........              (no amulet)
HPRegen 0.11/turn               (no ring)
MPRegen 0.08/turn               (no ring)

@: no status effects
A: horns 2, retaliatory headbutt
a: no special abilities


You were on level 5 of the Dungeon.
You visited 1 branch of the dungeon, and saw 1 of its levels.

Inventory:

Hand Weapons
 a - a +0 hand axe (weapon)
Missiles
 h - 4 boomerangs (quivered)
Armour
 b - a +0 leather armour (worn)
Wands
 g - a wand of digging (3)
Scrolls
 c - a scroll of fog
 d - a scroll of magic mapping
Potions
 f - a potion of haste


   Skills:
 + Level 3.8 Fighting
 + Level 2.6 Axes
 + Level 2.2 Dodging
 + Level 4.7 Stealth


You had 2 spell levels left.
You didn't know any spells.
Your spell library was empty.

Dungeon Overview and Level Annotations

Branches:
Dungeon (5/15)
 Temple: D:4-7

Altars:


Innate Abilities, Weirdness & Mutations

You have a pair of horns on your head.
You reflexively headbutt those who attack you in melee.


Message History

You are confused.
Something hits you.
The orc throws a poisoned dart.
The poisoned dart misses you.
You bump into the rock wall.
The orc wizard barely misses you.
You're too confused to move!
The orc wizard hits you with a +0 dagger.
You feel less confused.
The orc throws a poisoned dart.
The poisoned dart barely misses you.
You closely miss the orc wizard.
The orc wizard hits you with a +0 dagger.
You hit the orc wizard.
The orc wizard is moderately wounded.
You hit the orc but do no damage. The orc wizard barely misses you.
Something hits you but does no damage. The orc hits you with a +0 hand axe.
* * * LOW HITPOINT WARNING * * *
The orc wizard closely misses you.
Read: scroll of fear
Press: ? - help, Q - select action, (/) - cycle Dir - look around, f - activate
As you read the scroll of fear, it crumbles to dust.
You assume a fearsome visage.
The orc wizard resists with some effort.
The orc looks frightened!
The orc wizard hits you with a +0 dagger.
* * * LOW HITPOINT WARNING * * *
You hit the orc wizard but do no damage.
The orc wizard is moderately wounded.
The orc wizard hits you with a +0 dagger.
* * * LOW HITPOINT WARNING * * *
You hit the orc wizard but do no damage.
The orc wizard is moderately wounded.
The orc wizard completely misses you.
You hit the orc wizard.
The orc wizard is heavily wounded.
The orc wizard gestures at you while chanting.
The magic dart hits you.
* * * LOW HITPOINT WARNING * * *
You closely miss the orc wizard.
The orc wizard is heavily wounded.
The orc wizard hits you with a +0 dagger.
You die...

............#....##..
.........<..#........
..........o.'........
............#........
............#######..
.................. ..
..................
.........)........
.........o@.......
.....##)####......
.....#...[.#......
.... #.....# .....
... #.....+ .... $
#.....# .. #.....# .
#.....# #.....#


You could see an orc wizard and an orc (fleeing).

Vanquished Creatures
  An iguana (D:5)
  2 orcs (D:5)
3 creatures vanquished.

Notes
Turn   | Place    | Note
-------+----------+-------------------------------------------
     0 | D:5      | fireball365 the Minotaur Delver began the quest for the
                  | Orb.
     0 | D:5      | Reached XP level 1. HP: 19/19 MP: 0/0
    13 | D:5      | Noticed an iguana
    18 | D:5      | Killed an iguana
    19 | D:5      | Reached XP level 2. HP: 24/27 MP: 1/1
    48 | D:5      | Reached XP level 3. HP: 30/33 MP: 2/2
    63 | D:5      | Slain by an orc wizard

Illustrated notes

Levels and vault maps discovered:
D:5:      layout_gridville

Action                   || total
-------------------------++-------
Melee: Hand axe          ||    16
       Headbutt          ||     3
  Use: Scroll            ||     1
Armor: Leather armour    ||     3
Dodge: Dodged            ||    12
